 Dungeon Crawl Stone Soup version 0.25.1-2-g60ff931df9 (webtiles) character file.

Game seed: 2794231027065958530

37 gbos the Ruffian (level 3, -5/39 HPs)
             Began as an Octopode Berserker on Nov 16, 2020.
             Was a Follower of Trog.
             Slain by a worm (10 damage)
             ... on level 2 of the Dungeon.
             The game lasted 00:00:08 (1212 turns).

gbos the Ruffian (Octopode Berserker)               Turns: 1212, Time: 00:00:08

Health: -5/39      AC:  1    Str: 16    XL:     3   Next: 41%
Magic:  3/3        EV: 14    Int:  9    God:    Trog [*.....]
Gold:   77         SH:  0    Dex: 12    Spells: 2/2 levels left

rFire    . . .     SeeInvis .     - Unarmed
rCold    . . .     Gourm    .   (no shield)
rNeg     . . .     Faith    .   (helmet restricted)
rPois    .         Spirit   .   (no amulet)
rElec    .         Reflect  .   (no ring)
rCorr    .         Harm     .   (no ring)
MR       .....                  (no ring)
Stlth    ..........             (no ring)
HPRegen  0.13/turn              (no ring)
MPRegen  0.08/turn              (no ring)
                                (no ring)
                                (no ring)

@: berserking, lethally poisoned (-5 -> -11), very quick
A: almost no armour, stealthy swim, amphibious, 8 rings, constrict 8, camouflage
1, gelatinous body 1
a: Berserk, Renounce Religion


You were on level 2 of the Dungeon.
You worshipped Trog.
Trog was aware of your devotion.
You were hungry.

You visited 1 branch of the dungeon, and saw 2 of its levels.

You collected 77 gold pieces.


Innate Abilities, Weirdness & Mutations

You cannot wear most types of armour.
You are very stealthy in the water. (Stealth+)
You are amphibious.
You can wear up to eight rings at the same time.
You can use your tentacles to constrict eight enemies at once.
Your skin changes colour to match your surroundings (Stealth+).
Your rubbery body absorbs attacks. (AC +1, EV +1)


   Skills:
 - Level 3.0 Fighting
 - Level 3.0 Dodging
 + Level 4.4 Unarmed Combat


You had 2 spell levels left.
You didn't know any spells.
Your spell library was empty.

Inventory:

Jewellery
 b - a +4 ring of evasion {unknown}
Scrolls
 c - a scroll of teleportation {unknown}
Potions
 d - a potion of resistance {unknown}
 e - a potion of haste {unknown}
 h - a potion of cancellation {unknown}
Comestibles
 a - 4 rations

Dungeon Overview and Level Annotations

Branches:
Dungeon (2/15)

Altars:


Message History

You constrict the adder. The adder bites you.
You are more poisoned.
The adder poisons you! The kobold completely misses you.
You bludgeon the adder!
You kill the adder!
Trog accepts your kill.
You feel sick. The bat closely misses you.
A rat comes into view.
The kobold hits you with a +0 short sword.
You bludgeon the bat!
You kill the bat!
Trog accepts your kill.
You barely miss the kobold. You grab the kobold. You constrict the kobold.
You feel sick. The kobold barely misses you.
You batter the kobold!!
You feel the power of Trog in you as your rage grows.
You kill the kobold!
Trog accepts your kill.
You feel sick. The worm bites you!
You die...

### # ##.. .
####..##.#
#....?.#.#
#....%.?#
.$####....#w##
..........@r$#
.####.....$#.#
#.###.## #.#
#... #.# ####.
#.# ..
###.######. <
## #..........
.# #....[.....


You could see a worm and a rat.

Vanquished Creatures
  An adder (D:2)
  2 dart slugs (D:1)
  A giant cockroach (D:1)
  2 hobgoblins (D:1)
  5 jackals (D:1)
  A ball python (D:1)
  4 bats
  3 frilled lizards (D:1)
  3 kobolds
  3 rats (D:1)
25 creatures vanquished.

Notes
Turn   | Place    | Note
-------+----------+-------------------------------------------
     0 | D:1      | gbos the Octopode Berserker began the quest for the Orb.
     0 | D:1      | Reached XP level 1. HP: 16/16 MP: 1/1
     0 | D:1      | 0 ||| counter = 133
   349 | D:1      | Reached XP level 2. HP: 18/21 MP: 2/2
   916 | D:1      | Reached skill level 4 in Unarmed Combat
   961 | D:1      | Reached XP level 3. HP: 26/26 MP: 3/3
  1055 | D:1      | 1055 ||| READING 3 scrolls labeled AWKICSODUST.
  1056 | D:1      | 1056 ||| READING scroll labeled ONOFFOPN KEXYKH.
  1057 | D:1      | 1057 ||| DRINKING 2 silvery potions.
  1058 | D:1      | 1058 ||| DROPPING potion of stabbing.
  1059 | D:1      | 1059 ||| DROPPING 2 scrolls of magic mapping.
  1207 | D:2      | 1207 ||| INVOKING Berserk.
  1208 | D:2      | HP: 6/39 [kobold/+0 short sword (4)]
  1212 | D:2      | Slain by a worm

Levels and vault maps discovered:
D:1:      dpeg_arrival_chambers_temple_mockup, layout_loops_ring
D:2:      layout_basic, lemuel_coloured_pillars_altar, kennysheep_another_room,
          minmay_tall_x

Skill      XL: |  1  2 |
---------------+-------+-----
Unarmed Combat | 4 |  4.4
Fighting       | |  3.0
Dodging        | |  3.0

Action                   || total
-------------------------++-------
Melee: Unarmed           ||    57
       Constrict         ||    15
       Tentacles         ||     7
       Punch             ||     2
Invok: Berserk           ||     1
  Use: Scroll            ||     2
       Potion            ||     1
  Eat: Chunk             ||     1
Armor: Skin              ||     1
Dodge: Dodged            ||    42
